AoeStats
← Raziel

Yucatan

510639094Analyzed
2v2 RM · 1d ago on Oct 1, 2026· 41m 34s· 4 players
Game mode
Random Map
Map size
Medium (4 player)
Population
200
Speed
Normal
Resources
Standard
Victory
Conquest
Starting age
Dark Age
Ending age
Imperial Age
RankedLock teamsTeams togetherTeam positionsShared explorationLock speedFull tech treeHidden civsTurbo modeCheats
Victory
Defeat
🇦🇷 Mongols · Argentina
1439
+11
🇦🇷 Cumans · Argentina
1277
+18
🇹🇷 Malay · Türkiye
1330
-15
🇹🇷 Danes · Türkiye
1313
-14
Khaledus Secundus
9:08 Loom
10:54 Feudal Age
15:28 Castle Age
13:30 Double-Bit Axe
16:13 Horse Collar
16:39 Squires
16:59 Scale Mail Armor
17:09 Forging
21:05 Arson
22:06 Wheelbarrow
25:02 Devotion
24:57 Town Watch
28:26 Chain Mail Armor
28:46 Iron Casting
29:37 Hand Cart
33:28 Imperial Age
31:52 Masonry
32:22 Gold Mining
34:12 Elite Varangian Guard
35:23 Capped Ram
37:29 Plate Mail Armor
36:47 Pikeman
37:44 Halberdier
39:02 Bow Saw
39:13 Fletching
39:24 Padded Archer Armor
38:59 Elite Skirmisher
40:13 Ballistics
40:36 Conscription
murat
10:13 Loom
11:59 Feudal Age
15:35 Castle Age
13:59 Double-Bit Axe
16:02 Horse Collar
19:24 Bow Saw
19:50 Forging
19:54 Scale Barding Armor
22:18 Iron Casting
22:46 Light Cavalry
25:58 Heavy Plow
27:04 Husbandry
31:25 Devotion
31:07 Elite Skirmisher
33:11 Fletching
33:22 Padded Archer Armor
34:35 Bodkin Arrow
35:07 Ballistics
36:28 Leather Archer Armor
37:20 Gold Mining
42:57 Imperial Age
41:09 Wheelbarrow
40:20 Town Watch
Nachom
8:04 Loom
12:08 Feudal Age
15:50 Castle Age
16:09 Double-Bit Axe
17:37 Bow Saw
19:17 Town Watch
19:56 Horse Collar
21:11 Wheelbarrow
23:07 Hand Cart
27:36 Fletching
27:57 Heavy Plow
30:17 Fervor
30:45 Bodkin Arrow
31:24 Ballistics
31:56 Husbandry
32:58 Padded Archer Armor
38:44 Imperial Age
37:50 Leather Archer Armor
39:02 Bloodlines
39:04 Thumb Ring
39:18 Scale Barding Armor
39:30 Bracer
40:50 Conscription
41:37 Chemistry
40:48 Gold Mining
40:50 Stone Mining
Raziel
8:00 Loom
11:53 Feudal Age
15:57 Double-Bit Axe
20:08 Castle Age
18:56 Scale Barding Armor
19:42 Gold Mining
20:23 Bloodlines
20:25 Forging
20:57 Wheelbarrow
23:53 Horse Collar
28:55 Hand Cart
28:53 Heavy Plow
30:16 Sanctity
30:35 Bow Saw
30:51 Fervor
34:20 Chain Barding Armor
33:52 Fletching
34:28 Man-at-Arms
35:08 Squires
35:11 Long Swordsman
35:57 Bodkin Arrow
40:32 Imperial Age
37:49 Town Watch
38:11 Arson
40:13 Scale Mail Armor
40:35 Two-Handed Swordsman
41:31 Chain Mail Armor
41:52 Iron Casting
Connection lost

Rejoining the realm…

Still unreachable

The connection could not be restored.

Session expired

The server has moved on; the page needs a fresh start.